 Dungeon Crawl Stone Soup version 0.25-a0-426-g7d9e569eea (webtiles) character file.

Game seed: 7677633580911070861, levelgen mode: classic

861 Abmis123 the Magician (level 7, 52/52 HPs)
             Began as a Mummy Wizard on Apr 15, 2019.
             Was an Initiate of Gozag.
             Quit the game on level 6 of the Dungeon on Jan 24, 2020.
             The game lasted 01:28:37 (11495 turns).

Abmis123 the Magician (Mummy Wizard)               Turns: 11495, Time: 01:28:38

Health: 52/52      AC:  6    Str: 10    XL:     7   Next: 71%
Magic:  13/13      EV: 12    Int: 19    God:    Gozag
Gold:   156        SH:  0    Dex: 11    Spells: 1/14 levels left

rFire    x . .     SeeInvis .   h - +0 short sword
rCold    + . .     Gourm    .   (no shield)
rNeg     + + +     Faith    .   a - +0 robe
rPois    ∞         Spirit   .   u - +0 helmet
rElec    .         Reflect  .   (no cloak)
rCorr    .         Harm     .   n - +0 pair of gloves
MR       .....                  t - +1 pair of boots
Stlth    ++........             (no amulet)
HPRegen  0.17/turn              (no ring)
MPRegen  0.13/turn              (no ring)

@: no status effects
A: no food or potions, fire vulnerability, cold resistance 1, negative energy
resistance 3, torment resistance, unbreathing
a: Potion Petition, Call Merchant, Bribe Branch, Renounce Religion


You were on level 6 of the Dungeon.
You worshipped Gozag.
Gozag was aware of your devotion.
You were not hungry.

You visited 1 branch of the dungeon, and saw 7 of its levels.
You also visited: Sewer.

You collected 953 gold pieces.
You spent 220 gold pieces at shops.
You paid 577 gold pieces to Gozag.

Inventory:

Hand Weapons
 h - a +0 short sword (weapon)
 v - a +0 long sword
 w - a +0 blowgun
 x - a +0 hunting sling
Missiles
 c - 105 arrows
 d - 120 sling bullets
 e - 144 stones (quivered)
 q - 46 poisoned darts
Armour
 a - a +0 robe (worn)
 b - a +0 hat
 j - a cursed +0 chain mail
 k - a +0 shield
 n - a +0 pair of gloves (worn)
 p - a +0 ring mail
 t - a +1 pair of boots (worn)
 u - a +0 helmet (worn)
Jewellery
 o - an uncursed amulet of harm
 D - an uncursed ring of attention
Wands
 y - a wand of disintegration (10)
 C - a wand of paralysis (17)
Scrolls
 f - 3 scrolls of immolation
 g - a scroll of random uselessness
 i - a scroll of enchant armour
 l - a scroll of enchant weapon
 m - a scroll of noise
 r - 3 scrolls of teleportation
 z - a scroll of magic mapping
 A - a scroll of summoning
 B - a scroll of blinking


   Skills:
 + Level 3.4 Fighting
 - Level 1.5 Dodging
 - Level 3.0 Stealth
 - Level 4.0 Spellcasting
 - Level 3.0 Conjurations
 * Level 2.6 Hexes
 - Level 3.0 Summonings
 - Level 3.0 Translocations
 + Level 0.8 Fire Magic
 + Level 0.2 Air Magic
 + Level 0.2 Poison Magic


You had one spell level left.
You knew the following spells:

 Your Spells              Type           Power        Failure   Level  Hunger
a - Magic Dart            Conj           ###.         4%          1    N/A
b - Call Imp              Summ           ###.....     6%          2    N/A
c - Blink                 Tloc           N/A          6%          2    N/A
d - Slow                  Hex            ##......     7%          2    N/A
e - Conjure Flame         Conj/Fire      ##......     19%         3    N/A
f - Mephitic Cloud        Conj/Pois/Air  #.......     26%         3    N/A

Your spell library contained the following spells:

 Spells                   Type           Power        Failure   Level  Hunger
 Gell's Gravitas          Tloc           ###.......   12%         3    N/A
 Confuse                  Hex            ##......     14%         3    N/A
 Confusing Touch          Hex            ##......     14%         3    N/A
 Petrify                  Tmut/Erth      #.......     80%         4    N/A
 Metabolic Englaciation   Hex/Ice        #.........   92%         5    N/A
 Yara's Violent Unravell  Hex/Tmut       #.........   92%         5    N/A

Dungeon Overview and Level Annotations

Branches:
Dungeon (7/15)             Temple (0/1) D:4

Altars:
Ashenzari
Dithmenos
Gozag
Hepliaklqana
Kikubaaqudgha
Makhleb
Okawaru
Ru
Trog

Shops:
D:6 ?!

Annotations:
D:2 exclusion: downstairs, Terence
D:5 exclusion: downstairs
D:6 exclusion: 2 downstairs, Menkaure
D:7 Dowan, Duvessa


Innate Abilities, Weirdness & Mutations

You do not eat or drink.
Your flesh is vulnerable to fire.
You are immune to poison.
Your flesh is cold resistant. (rC+)
You are immune to negative energy. (rN+++)
You are immune to unholy pain and torment.
You can survive without breathing.


Message History

You enter the shallow water.
Moving in this stuff is going to be slow.
Why would you want to do that? Why would you want to do that?
Why would you want to do that? Why would you want to do that?
Why would you want to do that? Why would you want to do that?
Why would you want to do that?
You can't drink.
Okay, then.
Unknown command.
Unknown command.
Unknown command.
You can't drink.
Level annotation: exclusion: 2 downstairs, Menkaure Welcome back, Abmis123 the Mummy Wizard.
Gozag says: Greed is good.
Press ? for a list of commands and other information.
Are you sure you want to abandon this character and quit the game? (Confirm with "yes".)

####### # #.....#
#### ##.##### ...##
#.## ....#########
#.# .....#.<....#
#.#
............#####.#
..............#.@.#
#.................#
#.##≈≈≈≈≈##.##...##
#.##≈≈≈≈≈##.###..##
#.≈≈.....≈≈.#
##..###
..≈≈.....≈≈.##
##...##
).≈≈.≈...≈≈..#
##...#
#.≈≈.....≈≈!.#
#####
#.≈≈.....≈≈..##


There were no monsters in sight!

Vanquished Creatures
  An orc priest (D:5)
  A gnoll shaman (D:6)
  A worker ant zombie (D:6)
  3 gnolls
  5 adders
  A river rat (D:6)
  A shadow imp (D:5)
  An ooze (D:5)
  A worm (D:6)
  A dart slug (D:4)
  2 leopard geckos
  10 orcs
  2 ball pythons
  3 giant cockroaches
  17 goblins
  9 hobgoblins
  3 quokkas
  8 bats
  8 frilled lizards
  6 kobolds
  2 quokka skeletons
  12 rats
98 creatures vanquished.

Vanquished Creatures (collateral kills)
  Purgy (D:6)
  A sky beast (D:6)
  A phantom (D:4)
  3 ogres
  A centaur (D:7)
  A quasit (D:5)
  2 centaur skeletons (D:7)
  2 hounds (D:3)
  A jelly (D:5)
  An orc wizard (D:3)
  2 bullfrog skeletons
  6 worker ants
  Robin (D:4)
  3 gnolls
  4 adders
  A worm (D:3)
  3 orcs (D:3)
  A goblin (D:4)
  A hobgoblin (D:4)
  4 jackals (D:1)
  A ball python (D:3)
  A frilled lizard (D:3)
42 creatures vanquished.

Grand Total: 140 creatures vanquished

Notes
Turn   | Place    | Note
-------+----------+-------------------------------------------
     0 | D:1      | Abmis123 the Mummy Wizard began the quest for the Orb.
     0 | D:1      | Reached XP level 1. HP: 13/13 MP: 5/5
    45 | D:1      | Reached skill level 1 in Conjurations
   283 | D:1      | Reached XP level 2. HP: 4/20 MP: 0/7
   967 | D:1      | Learned a level 2 spell: Call Imp
  1077 | D:1      | Reached skill level 1 in Fighting
  1228 | D:1      | Reached XP level 3. HP: 26/26 MP: 6/8
  1597 | D:1      | Reached skill level 1 in Summonings
  1953 | D:1      | Learned a level 2 spell: Blink
  1956 | D:1      | Learned a level 2 spell: Slow
  2079 | D:2      | Noticed Terence
  2117 | D:2      | Found a shattered altar of Ashenzari.
  2202 | D:2      | Found a shadowy altar of Dithmenos.
  2323 | D:2      | Found an opulent altar of Gozag.
  2336 | D:2      | Became a worshipper of Gozag Ym Sagoz the Greedy
  2847 | D:2      | Reached XP level 4. HP: 32/32 MP: 1/10
  3337 | D:3      | Found an iron altar of Okawaru.
  3667 | D:3      | Found a shattered altar of Ashenzari.
  4087 | D:3      | Found a hazy altar of Hepliaklqana.
  4234 | D:3      | Reached XP level 5. HP: 25/38 MP: 7/11
  4806 | D:4      | Noticed Robin
  5112 | D:4      | Found a staircase to the Ecumenical Temple.
  5248 | D:4      | Noticed a phantom
  5661 | D:4      | Found a burning altar of Makhleb.
  5661 | D:4      | Found an ancient bone altar of Kikubaaqudgha.
  5971 | D:4      | Killed a phantom
  6007 | D:4      | Killed Robin
  6347 | D:3      | Reached XP level 6. HP: 44/44 MP: 0/12
  6504 | D:4      | Noticed an orc warrior
  6821 | D:5      | Entered Level 5 of the Dungeon
  6828 | D:5      | Reached skill level 1 in Translocations
  6886 | D:5      | Learned a level 3 spell: Conjure Flame
  6890 | D:5      | Learned a level 3 spell: Mephitic Cloud
  7097 | D:5      | Found a sacrificial altar of Ru.
  7706 | D:5      | Found a bloodstained altar of Trog.
  8081 | D:6      | Found a glowing drain.
  8181 | Sewer    | Entered a sewer
  8341 | Sewer    | Noticed Purgy
  9038 | D:6      | Reached skill level 1 in Hexes
  9038 | D:6      | Reached XP level 7. HP: 51/51 MP: 1/13
  9132 | D:6      | Found Nedwozon's Distillery.
  9520 | D:6      | Killed Purgy
 10109 | D:6      | Bought a scroll of summoning for 123 gold pieces
 10109 | D:6      | Bought a scroll of blinking for 97 gold pieces
 10624 | D:6      | Noticed Menkaure
 10903 | D:6      | Upgraded the game from 0.24-a0-250-g6074511 to
                  | 0.24-a0-251-g44e327e
 11351 | D:7      | Noticed Dowan
 11353 | D:7      | Noticed Duvessa
 11473 | D:6      | Upgraded the game from 0.24-a0-251-g44e327e to
                  | 0.24-a0-264-gf46a388
 11473 | D:6      | Upgraded the game from 0.24-a0-264-gf46a388 to
                  | 0.24-a0-271-ga0fc33f
 11473 | D:6      | Upgraded the game from 0.24-a0-271-ga0fc33f to
                  | 0.25-a0-340-ga1faa1601d
 11476 | D:6      | Upgraded the game from 0.25-a0-340-ga1faa1601d to
                  | 0.25-a0-426-g7d9e569eea
 11495 | D:6      | Quit the game

Levels and vault maps discovered:
D:1:      dpeg_arrival_rooms_with_view, layout_basic, minmay_misc_feat_enclosed
D:2:      layout_loops_corners, led_sif_pool, grunt_gozag_breadcrumbs,
          nicolae_dithmenos_shadow_blocks, minmay_misc_feat_ornament,
          ashenzari_altar_1, uniq_terence
D:3:      layout_basic, nicolae_overflow_crystal_walls, lemuel_doored_altar,
          overflow_temple_1_default, cheibrodos_gnoll_hut
D:4:      minmay_clustersquares, layout_basic, gammafunk_temple_overflow_wave,
          minmay_temple_entry_poolview, uniq_robin
D:5:      layout_gridville, lemuel_crystal_altar, overflow_temple_1_default,
          first_ration
D:6:      layout_layer_cave, serial_shops, shop, cheibrodos_sewer_entry_sluice,
          uniq_menkaure
D:7:      layout_loops_cross, uniq_duvessa
Sewer:    kennysheep_door_sewer

Skill      XL: |  1  2  3  4  5  6  7 |
---------------+----------------------+-----
Conjurations   | 1 2 3 |  3.0
Fighting       | 1 2 3 |  3.4
Stealth        | 2 3 |  3.0
Summonings     | 1 2 3 |  3.0
Translocations | 2 3 |  3.0
Hexes          | 1 2 |  2.6
Dodging        | |  1.5
Spellcasting   | |  4.0
Fire Magic     | |  0.8
Air Magic      | |  0.2
Poison Magic   | |  0.2

Action                   |  1- 3 |  4- 6 |  7- 9 || total
-------------------------+-------+-------+-------++-------
Melee: Unarmed           |    14 |       |     1 ||    15
       Short sword       |    27 |     5 |    11 ||    43
 Fire: Blowgun           |       |       |    32 ||    32
Throw: Stone             |       |     1 |       ||     1
 Cast: Magic Dart        |    90 |   191 |    20 ||   301
       Call Imp          |     5 |    97 |    66 ||   168
       Blink             |       |     2 |     3 ||     5
       Slow              |       |     2 |       ||     2
       Mephitic Cloud    |       |     1 |     1 ||     2
       Conjure Flame     |       |       |     4 ||     4
Invok: Potion Petition   |       |       |     1 ||     1
       Call Merchant     |       |       |     1 ||     1
  Use: Scroll            |       |     8 |     2 ||    10
Armor: Robe              |    31 |    20 |    11 ||    62
Dodge: Dodged            |    92 |    75 |    24 ||   191

Table legend:
 A = Non-vault XP
 B = Vault XP
 C = Vault XP percentage of total XP
 D = Non-vault monster count
 E = Vault monster count
 F = Vault count percentage of total count
                 A         B        C        D         E       F
            +---------+---------+-------+---------+---------+-------
      Total |    1009 |     222 |  18.0 |     111 |      29 |  20.7
            +---------+---------+-------+---------+---------+-------
        D:1 |      54 |      11 |  16.9 |      31 |       2 |   6.1
        D:2 |      33 |       0 |   0.0 |      14 |       0 |   0.0
        D:3 |     112 |      48 |  30.0 |      27 |       3 |  10.0
        D:4 |     135 |      68 |  33.5 |       8 |      16 |  66.7
        D:5 |     179 |       0 |   0.0 |      12 |       0 |   0.0
        D:6 |     275 |      88 |  24.2 |      13 |       4 |  23.5
        D:7 |     221 |       0 |   0.0 |       6 |       0 |   0.0
      Sewer |       0 |       7 | 100.0 |       0 |       4 | 100.0
            +---------+---------+-------+---------+---------+-------
